Map: Artillería pesada EE

Players

Tuggah

  • Race: Terran Terran
  • League: Silver
  • Spawn Location: 7:00

Ashlicious

  • Race: Terran Terran
  • League: Bronze
  • Spawn Location: 7:00

MrFercho - Winner!

  • Race: Terran Terran
  • League: Silver
  • Spawn Location: 1:00

TATORREA - Winner!

  • Race: Protoss Protoss
  • League: Silver
  • Spawn Location: 3:00

VOD

Have the link to the VOD?

Description

Time

  • Played on: May 30, 2020, 10:21 p.m.
  • Length: 21:53
Show
View Real Time Build Order
Export as new Build Order

Tuggah Terran 

Build Orders: 2 Factory 

Get SALT Encoding   

  12  0:13  Supply Depot  
  12  0:37  Barracks  
  12  0:40  Supply Depot  
  12  0:47  SCV, Refinery  
  13  0:59  SCV  
  13  1:03  Refinery  
  14  1:18  SCV  
  15  1:52  Marine  
  16  1:54  SCV  
  16  1:59  Factory  
  17  2:10  Orbital Command, Marine  
  18  2:28  Marine  
  19  2:38  SCV  
  20  2:48  Starport  
  20  2:51  Widow Mine  
  20  2:54  Marine  
  20  2:56  SCV  
  24  3:08  SCV  
  25  3:24  Factory  
  25  3:30  Fusion Core  
  25  3:31  Starport Tech Lab  
  25  3:37  SCV  
  26  3:44  Marine  
  27  3:49  SCV  
  27  3:55  Supply Depot  
  28  3:58  Supply Depot  
  28  4:02  SCV  
  29  4:08  Supply Depot  
  29  4:17  Battlecruiser  
  29  4:23  Weapon Refit  
  35  4:29  Widow Mine  
  38  4:31  SCV  
  38  5:05  SCV  
  39  5:08  Command Center  
  39  5:22  Armory  
  39  6:18  Battlecruiser  
  45  6:23  Refinery  
  45  6:54  Terran Vehicle Weapons Level 1  
  45  7:03  Widow Mine  
  47  7:12  Armory  
  47  7:16  SCV  
  47  7:20  Orbital Command  
  48  7:24  Widow Mine  
  50  7:58  Battlecruiser  
  56  8:01  SCV x2  
  58  8:11  Terran Ship Weapons Level 1  
  58  8:13  SCV  
  52  8:54  Supply Depot  
  52  8:58  Terran Vehicle Weapons Level 2  
  52  9:02  SCV x2  
  54  10:19  Widow Mine  
  56  10:21  Marine  
  57  10:29  Supply Depot  
  57  10:31  Supply Depot  
  57  10:33  SCV  
  57  10:34  SCV, Supply Depot  
  59  10:39  Marine  
  59  10:40  Widow Mine  
  62  10:51  Battlecruiser  
  62  10:55  Command Center  
  68  10:57  Marine  
  68  11:01  Engineering Bay  
  68  11:02  Widow Mine  
  71  11:15  Marine  
  72  11:23  Widow Mine  
  74  11:33  Marine  
  74  11:38  Starport  
  75  11:44  Widow Mine  
  77  11:55  Battlecruiser  
  77  12:35  Terran Vehicle Weapons Level 3, Terran Vehicle And Ship Armor Level 1  
  77  12:59  Battlecruiser  
  77  13:00  Refinery  
  83  13:11  Refinery  
  83  13:15  Factory Tech Lab  
  83  13:23  Starport Reactor  
  83  13:26  SCV x3  
  86  13:38  SCV  
  81  14:02  Orbital Command  
  80  14:03  SCV x2  
  76  14:27  Viking x2  
  80  14:31  SCV  
  81  14:38  SCV  
  81  14:43  SCV  
  83  14:51  SCV  
  84  14:56  SCV, Widow Mine  
  84  14:57  Viking x2, Drilling Claws  
  91  15:03  SCV  
  92  15:08  SCV  
  93  15:15  SCV  
  93  15:17  Widow Mine  
  96  15:27  SCV, Viking x2  
  101  16:00  Supply Depot  
  101  16:01  Supply Depot  
  101  16:11  Viking x2  
  101  16:12  Widow Mine  
  101  16:15  Command Center, Refinery  
  101  16:16  Refinery  
  101  16:33  Widow Mine  
  103  16:40  Raven  
  103  16:46  SCV x2  
  107  16:54  Terran Vehicle And Ship Armor Level 2  
  107  16:55  Widow Mine, Terran Ship Weapons Level 2  
  109  17:02  Viking x2  
  113  17:16  SCV  
  113  17:17  SCV x2  
  116  17:26  Raven  
  116  17:29  SCV  
  119  17:32  Viking x2  
  74  18:02  Viking x2  
  71  18:09  Raven  
  69  18:32  Viking x2  
Show
View Real Time Build Order
Export as new Build Order

Ashlicious Terran 

Build Orders:  

Get SALT Encoding   

  12  0:45  SCV  
  13  0:57  SCV  
  14  1:13  Supply Depot  
  14  1:26  Engineering Bay  
  14  1:28  SCV  
  15  1:36  Supply Depot  
  15  1:48  SCV  
  16  1:55  Barracks  
  16  1:59  Supply Depot  
  16  2:02  Refinery  
  16  2:22  Supply Depot, Barracks  
  16  2:26  Refinery  
  16  2:29  SCV  
  17  2:41  SCV  
  18  2:45  Supply Depot  
  18  2:54  SCV  
  19  2:59  Barracks Tech Lab  
  19  3:08  Supply Depot  
  19  3:13  Barracks Reactor  
  19  3:20  Marine  
  20  3:27  Concussive Shells  
  20  3:38  Marine  
  20  3:39  SCV  
  22  3:55  Marine x2  
  23  3:56  Marine  
  23  4:00  Terran Infantry Weapons Level 1  
  25  4:13  Marine x2  
  25  4:14  Marine  
  28  4:24  SCV  
  28  4:31  Marine x2  
  30  4:32  Marine  
  32  4:48  Marine  
  32  4:49  Marine  
  32  4:50  Marauder  
  36  5:06  Marine  
  36  5:07  Marine  
  37  5:10  Refinery  
  37  5:11  Marauder  
  40  5:24  Marine x2  
  40  5:27  Factory  
  42  5:33  Marauder  
  44  5:42  Marine x2  
  46  5:54  Marauder, Terran Infantry Armor Level 1  
  48  6:00  Marine x2  
  50  6:07  SCV  
  51  6:13  Factory Tech Lab  
  51  6:16  Marauder  
  51  6:18  Marine x2  
  55  6:21  Starport  
  55  6:35  Armory, Marine  
  55  6:36  Marine  
  55  6:37  Marauder  
  59  6:42  Siege Tank  
  62  6:53  Marine  
  63  7:06  Supply Depot  
  63  7:10  Starport Tech Lab  
  63  7:27  Marine x2  
  63  7:28  SCV  
  66  7:30  Supply Depot  
  66  7:48  Neosteel Armor  
  66  7:53  Command Center  
  66  8:01  Missile Turret  
  50  8:44  Terran Vehicle And Ship Armor Level 1  
  50  8:52  Supply Depot  
  50  8:54  Thor  
  56  9:05  Marine  
  56  9:09  Marine x2  
  59  9:23  Marine  
  60  9:26  Missile Turret  
  60  9:41  Marine  
  57  9:59  Marine  
  44  10:17  Marine  
  43  10:24  Missile Turret  
  43  10:36  Viking  
  43  10:40  Terran Infantry Armor Level 2  
  45  11:06  Viking  
  47  11:36  Viking  
  47  11:39  Refinery  
  49  11:41  Refinery  
  49  11:57  Marine  
  49  12:00  Marine x2  
  52  12:06  Viking  
  54  12:15  Marine  
  54  12:18  Marine x2  
  57  12:23  Missile Turret  
  57  12:32  SCV  
  57  12:33  Marine  
  57  12:36  Viking, Marine x2  
  63  12:38  Terran Vehicle And Ship Armor Level 2  
  64  12:44  SCV  
  64  12:51  Marine  
  65  12:54  Marine x2  
  67  13:04  Fusion Core  
  67  13:08  Marine  
  67  13:09  Thor  
  74  13:13  Marine  
  74  13:17  Marine  
  76  13:34  Combat Shield  
  76  13:37  Marine  
  76  13:40  Marine  
  78  13:54  Marine  
  79  14:02  Missile Turret  
  79  14:12  Marine  
  80  14:24  Advanced Ballistics  
  80  14:29  Liberator  
  83  14:49  Orbital Command  
  83  14:57  Missile Turret  
  83  15:11  Liberator  
  86  15:17  Missile Turret  
  86  15:37  Missile Turret  
  86  15:38  Terran Vehicle And Ship Armor Level 3  
  86  16:39  Battlecruiser  
  92  16:45  Thor  
  98  17:09  Infernal Pre-Igniter  
  98  17:17  Marine  
  99  17:35  Marine  
  100  17:53  Marine  
  101  18:11  Marine  
  101  18:12  Missile Turret  
  102  18:16  Terran Vehicle Weapons Level 1  
  102  18:28  Mag-Field Accelerator  
  102  18:32  Missile Turret  
  75  18:56  Missile Turret  
  51  19:37  Marine  
  41  19:55  Marine  
  42  20:07  Smart Servos  
  42  20:13  Command Center, Marine  
  43  20:31  Marine  
  44  20:40  Banshee  
  47  20:49  Marine  
Show
View Real Time Build Order
Export as new Build Order

MrFercho Terran - Winner!

Build Orders:  

Get SALT Encoding   

  12  0:01  SCV  
  13  0:13  SCV  
  14  0:25  SCV  
  14  0:27  Supply Depot  
  15  0:49  SCV  
  16  0:52  Barracks  
  16  1:00  Engineering Bay  
  16  1:01  SCV  
  17  1:13  Refinery  
  17  1:14  SCV  
  17  1:15  Refinery  
  18  1:26  SCV  
  19  1:39  Orbital Command  
  19  1:45  Supply Depot  
  19  2:06  SCV  
  20  2:18  SCV  
  20  2:19  Barracks Tech Lab  
  21  2:30  Supply Depot  
  21  2:40  Marine  
  22  2:45  Combat Shield  
  22  2:53  Supply Depot  
  22  2:58  Reaper  
  23  3:10  Factory  
  23  3:12  SCV  
  24  3:18  Supply Depot  
  24  3:24  SCV  
  25  3:30  Reaper  
  25  3:33  Command Center  
  26  3:36  SCV  
  26  3:37  Hi-Sec Auto Tracking  
  27  3:41  Supply Depot  
  27  3:47  Missile Turret  
  27  3:48  SCV  
  27  3:49  Missile Turret  
  28  4:01  Missile Turret  
  28  4:02  Marine  
  29  4:03  Missile Turret  
  29  4:12  Sensor Tower  
  29  4:22  Factory Tech Lab  
  29  4:34  Starport  
  29  4:37  SCV  
  30  4:45  Orbital Command  
  30  4:49  SCV  
  31  4:59  Supply Depot  
  31  5:01  SCV  
  32  5:12  Starport  
  32  5:14  SCV  
  33  5:21  Starport Tech Lab  
  33  5:22  Supply Depot  
  33  5:26  SCV, Armory  
  33  5:27  Siege Tank  
  37  5:37  Refinery  
  37  5:42  Refinery  
  33  5:53  Missile Turret  
  33  5:54  Missile Turret  
  33  5:57  Missile Turret  
  32  6:19  Missile Turret  
  32  6:39  Missile Turret  
  32  6:54  SCV  
  32  6:55  SCV  
  34  7:06  SCV  
  34  7:07  SCV  
  36  7:17  Terran Ship Weapons Level 1  
  36  7:18  SCV  
  36  7:19  SCV, Starport Tech Lab  
  38  7:23  Viking, Missile Turret  
  40  7:31  SCV x2  
  42  7:43  SCV x2, Missile Turret  
  44  7:53  Viking  
  44  7:55  SCV x2  
  48  8:23  Viking  
  48  8:24  Banshee  
  53  8:53  Viking  
  55  8:55  Fusion Core  
  55  9:00  Command Center  
  55  9:07  Banshee  
  58  9:17  Cloaking Field  
  58  9:21  Drilling Claws  
  58  9:26  Widow Mine  
  56  9:47  Widow Mine  
  56  9:50  Banshee  
  60  10:09  Widow Mine  
  60  10:18  Viking  
  62  10:30  Widow Mine  
  62  10:33  Viking  
  66  10:40  Orbital Command  
  66  10:45  Refinery  
  66  10:47  Terran Vehicle And Ship Armor Level 1  
  66  10:48  Viking  
  68  10:52  Widow Mine  
  70  11:03  Viking  
  72  11:11  Refinery  
  72  11:17  Starport  
  72  11:18  Viking  
  72  11:19  Starport  
  72  11:20  SCV  
  72  11:21  SCV  
  72  11:23  Starport  
  75  11:31  Supply Depot  
  75  11:32  SCV  
  76  11:33  Viking, SCV  
  76  11:35  Supply Depot  
  76  11:37  Supply Depot  
  79  11:44  SCV  
  79  11:45  SCV  
  81  11:48  Viking  
  83  11:55  Supply Depot  
  83  11:56  SCV  
  83  11:57  SCV  
  83  12:00  Supply Depot  
  79  12:03  Viking  
  75  12:09  SCV x2  
  75  12:10  Missile Turret x2  
  75  12:11  Missile Turret x2  
  66  12:18  Viking  
  65  13:19  Viking x2, Sensor Tower  
  69  13:20  Viking x3  
  75  13:39  Terran Ship Weapons Level 2  
  73  13:49  Viking x2  
  73  13:50  Viking x3  
  73  13:51  Sensor Tower  
  74  14:19  Viking x4  
  74  14:20  Viking  
  84  14:33  Widow Mine  
  86  14:49  Viking x3  
  86  14:50  Viking x2  
  96  14:55  Widow Mine  
  98  15:16  Widow Mine  
  98  15:19  Viking x2  
  104  15:35  SCV  
  105  15:36  SCV x2  
  105  15:38  Widow Mine  
  109  15:47  SCV  
  109  15:48  SCV x2  
  112  15:55  Terran Vehicle And Ship Armor Level 2  
  112  15:59  SCV, Widow Mine  
  112  16:00  SCV x2  
  117  16:11  SCV  
  117  16:12  SCV x2  
  120  16:23  SCV  
  120  16:24  SCV  
  120  16:25  SCV  
  123  16:52  Battlecruiser x2  
  135  17:10  Refinery  
  135  17:56  Battlecruiser  
  141  18:16  Supply Depot  
  141  18:17  Supply Depot  
  141  18:19  Supply Depot  
  141  18:23  Battlecruiser  
  141  18:24  Starport Tech Lab  
  141  18:25  Starport Tech Lab x2  
  137  19:00  Battlecruiser  
  143  19:27  Battlecruiser  
  149  19:52  Viking x3  
  155  20:03  Widow Mine  
  155  20:04  Battlecruiser  
  163  20:22  Viking x3  
  163  20:25  Widow Mine  
  171  20:31  Viking  
  173  20:46  Widow Mine  
  175  20:52  Viking x3  
  178  21:01  Viking  
  180  21:07  Widow Mine  
  180  21:08  Viking  
  182  21:22  Viking x3  
  188  21:29  Widow Mine  
Show
View Real Time Build Order
Export as new Build Order

TATORREA Protoss - Winner!

Build Orders: Carriers 

Get SALT Encoding   

  12  0:01  Probe  
  13  0:16  Pylon  
  13  0:18  Probe  
  14  0:30  Probe  
  15  0:39  Gateway  
  15  0:47  Gateway  
  15  0:49  Probe  
  16  0:58  Assimilator  
  16  1:02  Probe  
  17  1:14  Probe  
  18  1:26  Probe  
  19  1:42  Cybernetics Core  
  19  1:48  Pylon  
  19  1:49  Probe  
  19  1:52  Assimilator  
  20  2:01  Probe  
  21  2:13  Probe  
  22  2:23  Warp Gate  
  22  2:30  Twilight Council  
  22  2:47  Nexus  
  22  2:56  Robotics Facility  
  22  2:57  Forge  
  22  3:00  Gateway  
  22  3:02  Pylon  
  22  3:09  Stalker  
  24  3:15  Stalker  
  26  3:22  Protoss Ground Weapons Level 1  
  26  3:23  Probe  
  26  3:24  Charge (Chrono Boost)  
  27  3:35  Probe  
  28  3:47  Probe  
  29  3:51  Warp Prism  
  31  3:59  Probe  
  31  4:02  Probe  
  33  4:11  Probe  
  33  4:14  Probe  
  35  4:23  Probe  
  36  4:26  Probe  
  37  4:31  Gateway  
  37  4:33  Gateway  
  37  4:43  Probe, Pylon  
  37  4:44  Probe  
  39  4:46  Pylon  
  39  4:55  Probe  
  39  4:56  Probe, Stalker  
  39  4:59  Stalker  
  45  5:04  Stalker  
  47  5:16  Probe x2  
  49  5:22  Observer  
  49  5:28  Probe  
  51  5:31  Protoss Ground Weapons Level 2  
  51  6:16  Stalker  
  51  6:17  Stalker x3  
  51  6:18  Stalker  
  61  6:33  Probe x2  
  63  6:41  Assimilator  
  63  6:43  Zealot x3  
  63  6:44  Assimilator  
  63  6:45  Probe  
  70  6:54  Pylon  
  70  6:57  Pylon  
  70  7:01  Pylon  
  70  7:12  Probe x2  
  70  7:15  Zealot x5  
  78  7:18  Pylon  
  82  7:22  Pylon  
  82  7:24  Probe  
  82  7:26  Pylon  
  83  7:50  Stalker  
  83  7:51  Stalker x3  
  88  7:52  Stalker  
  71  8:33  Stalker  
  71  8:34  Stalker x4  
  55  9:13  Stalker x3  
  55  9:14  Stalker x2  
  65  9:21  Blink, Nexus, Protoss Ground Weapons Level 3  
  34  10:23  Zealot x3  
  34  10:24  Zealot x2  
  33  11:08  Cybernetics Core  
  33  11:12  Gateway  
  33  11:14  Gateway  
  33  11:17  Gateway  
  33  11:24  Probe  
  34  11:36  Probe  
  35  11:42  Zealot x2  
  35  11:43  Zealot x2  
  35  11:44  Zealot  
  45  11:48  Probe  
  46  11:55  Stargate  
  46  11:59  Stargate  
  46  12:00  Probe  
  47  12:02  Observer  
  47  12:03  Stargate  
  48  12:10  Stalker x3  
  48  12:11  Stalker x3  
  48  12:12  Probe  
  61  12:20  Protoss Ground Armor Level 1  
  61  12:23  Immortal  
  65  12:36  Stalker x3  
  65  12:37  Stalker x2  
  73  12:38  Stalker x2  
  73  12:39  Stalker  
  81  12:46  Probe  
  81  12:49  Protoss Air Weapons Level 1  
  81  12:50  Probe  
  83  12:55  Probe  
  83  12:58  Probe  
  85  13:00  Phoenix  
  85  13:02  Probe, Warp Prism  
  85  13:03  Phoenix  
  92  13:07  Probe  
  92  13:09  Phoenix  
  95  13:14  Probe  
  95  13:19  Probe  
  97  13:26  Probe  
  98  13:31  Probe  
  99  13:38  Probe  
  99  13:41  Fleet Beacon  
  100  13:43  Probe  
  97  14:19  Protoss Shields Level 1  
  97  14:21  Phoenix x2  
  97  14:22  Anion Pulse-Crystals (Chrono Boost), Phoenix  
  103  14:57  Stalker x4  
  103  14:58  Stalker x2  
  103  14:59  Stalker  
  117  15:03  Assimilator  
  117  15:05  Assimilator  
  117  15:11  Pylon  
  117  15:15  Pylon  
  117  15:29  Carrier  
  117  15:33  Carrier  
  129  15:39  Pylon  
  129  15:42  Pylon  
  129  15:46  Pylon  
  135  15:57  Carrier  
  133  16:17  Protoss Ground Armor Level 2  
  132  16:33  Tempest (Chrono Boost)  
  132  16:37  Tempest (Chrono Boost)  
  142  16:56  Protoss Air Weapons Level 2 (Chrono Boost)  
  142  16:58  Tempest (Chrono Boost)  
  147  17:02  Nexus  
  125  18:21  Carrier x2  
  125  18:22  Carrier  
  128  18:51  Protoss Shields Level 2  
  65  19:17  Zealot x4  
  65  19:18  Zealot  
  65  19:19  Zealot x3  
  81  19:33  Tempest x3  
  96  20:01  Zealot x5, Assimilator  
  96  20:02  Zealot x3  
  112  20:13  Assimilator  
  112  20:16  Carrier x2  
  124  20:48  Tempest  
Tags
 
Add a new tag
Caveats
  • Supply blocks, unpowered buildings, or Contaminate may cause inaccurate times.
  • Supply counts are checked every 10 seconds.